Frizzbo, neutral female gnomish Wizard ------- --------------- |.....|# |.............| |.....|# #.<............. #-.....|# d----------- --- #--.----# # ##*# # d ### # # # # # # -------# #### G |..>...# ## r |.....| ####### % |......#####-----.-f |.....| #|.....|# ------- #|.---.|% #|.| |.|# #|.---..# #.....(| ------- Frizzbo the Conjurer Experience level: 4 Strength: 9 Dexterity: 14 Constitution: 12 Intelligence: 18 Wisdom: 16 Charisma: 7 Health: 0(31) Energy: 31(41) Def: 1 Gold: 540 Moves: 1376 Dungeon seed: NTydVbVzq9DZMB_- Game ID: Frizzbo_1465996659 Your Inventory: Coins $ - 540 gold pieces Weapons a - a blessed +1 quarterstaff f - an uncursed +2 aklys (alternate weapon; not wielded) h - 6 uncursed +0 shuriken (in quiver) q - an uncursed +0 elven dagger (weapon in hand) Armor e - an uncursed +0 cloak of magic resistance (being worn) Comestibles g - an uncursed tripe ration Scrolls j - an uncursed scroll of identify p - 2 uncursed scrolls of scare monster s - an uncursed scroll of light t - an uncursed scroll of gold detection u - a blessed scroll of teleportation Spellbooks b - a blessed spellbook of force bolt c - an uncursed spellbook of confuse monster Potions i - a cursed potion of levitation o - an uncursed potion of paralysis v - a cursed potion of invisibility w - an uncursed potion of oil Rings r - a cursed ring of aggravate monster Wands d - an uncursed wand of nothing (0:5) Gems n - an uncursed worthless piece of blue glass y - 2 uncursed worthless pieces of yellow glass z - an uncursed worthless piece of white glass Spells and supernatural/magical abilities: Name Level Category Fail Memory a - force bolt 1 attack 0% 94% u - confuse monster 2 enchantment 0% 94% W - pray for help -- divine ? -- Your skills at the end: Miscellaneous Skills wands [Basic] Weapon Skills quarterstaff [Basic] crossbow [Basic] Spellcasting Skills attack spells [Basic] enchantment spells [Basic] Final Attributes: You were devoutly aligned. You were magic-protected. You were telepathic. You had infravision. You are dead. Vanquished creatures: a floating eye a homunculus an iguana a giant bat a wererat 2 hobbits a gecko 2 giant rats a cave spider a brown mold 2 jackals 2 foxes a kobold 9 newts a goblin 4 sewer rats a grid bug 2 lichens a kobold zombie 35 creatures vanquished. Voluntary challenges: You did not adorn yourself with jewelry or accessories. You were an atheist. You used a wielded weapon 39 times, starting on turn 60. You did not use tools. You read items or engraved 1 time, starting on turn 297. You never genocided any monsters. You never polymorphed an object. You never changed form. You used no wishes. You never split a pudding. You never wrote Elbereth's name. You never violated your personal moral code. Dungeon overview: The Dungeons of Doom: levels 1 to 4 Level 1 a long staircase Level 2 a fountain a long staircase Level 3 some fountains Level 4 <- You were here History has recorded: On T:1 you entered the Dungeons of Doom to retrieve the Amulet of Yendor! On T:200 you reached level 2 of The Dungeons of Doom. On T:520 you advanced to experience level 2. On T:644 you advanced to experience level 3. On T:659 you reached level 3 of The Dungeons of Doom. On T:1182 you advanced to experience level 4. On T:1221 you reached level 4 of The Dungeons of Doom. Score breakdown: Gold: 540 ( 54 points) Experience: 4 levels ( 300 points) Exploration: 4 levels ( 90 points) Discoveries: 0 items ( 0 points) Variety of kills: 19 monsters ( 950 points) Major goal: (nothing yet) ( 0 points) Survival: died (score multiplied by 3) Total score: 4182 Latest messages: You kill the giant rat! The wererat bites! The spell hits the wererat! The spell hits the giant rat! You kill the giant rat! The wererat bites! The spell hits the wererat! You kill the wererat! You see here a white gem. You hear some noises in the distance. z - a white gem. You hear some noises. You kill the sewer rat! (2x) You miss the rabid rat. The rabid rat bites! You miss the rabid rat. The rabid rat bites! You see here a giant rat corpse. You miss the rabid rat. The rabid rat bites! You die... Final status: Goodbye Frizzbo the Wizard, killed by a rabid rat... You died in The Dungeons of Doom on dungeon level 4 with 4182 points, and 540 pieces of gold, after 1376 moves. You were level 4 with a maximum of 31 hit points when you died.